[Event "Elitserien 2019/2020, round 7-9"]
[Site "Elite stadshotellet, Kungsgatan 6, Vaxjo, Sweden"]
[Date "2020.10.16"]
[Round "1.8"]
[White "Malesevic, Nedeljko"]
[Black "Petersson, Baldur Teodor"]
[Result "1/2-1/2"]
[TimeControl "90 minutes for 40 moves + 30 minutes for the rest of the game + 30 seconds per move from move one."]
[WhiteTitle "FM"]
[BlackTitle "CM"]
[WhiteFideId "1703447"]
[BlackFideId "2309157"]
[WhiteElo "2257"]
[BlackElo "2247"]

1. d4 Nf6 2. c4 g6 3. Nc3 Bg7 4. e4 d6 5. h3 O-O 6. Be3 e5 7. d5 Nbd7 8. Nf3 Nc5 9. Nd2 a5 10.
a3 b6 11. b4 axb4 12. axb4 Rxa1 13. Qxa1 Na6 14. Qa3 Nh5 15. g4 Nf4 16. Rg1 Qe7 17. Nb3 Rd8 18. Nb5 Bb7 19. Nd2 Ra8 20.
Qc3 Qd8 21. g5 Bc8 22. h4 Bd7 23. f3 h6 24. Nb3 Bf8 25. Qd2 h5 1/2-1/2

[Event "Elitserien 2019/2020, round 7-9"]
[Site "Elite stadshotellet, Kungsgatan 6, Vaxjo, Sweden"]
[Date "2020.10.16"]
[Round "1.9"]
[White "Livner, Anders"]
[Black "Solodovnichenko, Yuri"]
[Result "0-1"]
[TimeControl "90 minutes for 40 moves + 30 minutes for the rest of the game + 30 seconds per move from move one."]
[WhiteTitle "FM"]
[BlackTitle "GM"]
[WhiteFideId "1704150"]
[BlackFideId "14104369"]
[WhiteElo "2371"]
[BlackElo "2574"]

1. Nf3 Nf6 2. g3 b6 3. Bg2 Bb7 4. c4 c5 5. Nc3 e6 6. O-O Be7 7. d4 cxd4 8. Qxd4 O-O 9. Rd1 Qc8 10.
b3 Na6 11. Bb2 d6 12. Rac1 Rd8 13. h3 Nc5 14. Qe3 a6 15. b4 Ncd7 16. Nd5 exd5 17. Qxe7 Re8 18. Qxd6 dxc4 19. Bxf6 Nxf6 20.
Qxb6 Rxe2 21. Nd4 Bxg2 22. Kxg2 Rxa2 23. Nc6 Qe6 24. Rd8+ Rxd8 25. Qxd8+ Ne8 26. Rxc4 Qe1 27. Qd4 Ra1 28.
Kf3 Ra3+ 29. Kg2 Ra1 30. Kf3 Qh1+ 31. Kf4 Re1 32. h4 h6 33. Ne5 g5+ 34. Kf5 Ng7+ 35. Kf6 Qf3+ 36. Qf4 Ne8+ 37.
Kf5 Rxe5+ 0-1

[Event "Elitserien 2019/2020, round 7-9"]
[Site "Elite stadshotellet, Kungsgatan 6, Vaxjo, Sweden"]
[Date "2020.10.16"]
[Round "1.10"]
[White "Golubka, Petro"]
[Black "Ong, Kezli"]
[Result "1/2-1/2"]
[TimeControl "90 minutes for 40 moves + 30 minutes for the rest of the game + 30 seconds per move from move one."]
[WhiteTitle "GM"]
[WhiteFideId "14114224"]
[BlackFideId "1706500"]
[WhiteElo "2490"]
[BlackElo "2281"]

1. b3 Nf6 2. Bb2 g6 3. g3 Bg7 4. Bg2 O-O 5. e3 d5 6. Ne2 c5 7. O-O Nc6 8. d3 e5 9. Nd2 h5 10.
h3 Bf5 11. f4 e4 12. dxe4 Nxe4 13. Bxg7 Kxg7 14. Nxe4 Bxe4 15. Bxe4 dxe4 16. Nc3 Re8 17. Qe1 Qa5 18. a3 Rad8 19.
g4 hxg4 20. hxg4 Ne7 21. f5 Nd5 22. f6+ Kg8 23. Nxd5 Qxe1 24. Raxe1 Rxd5 25. Kg2 Re6 26. Kg3 g5 27. c4 Rdd6 28.
Rf5 Rxf6 29. Rxg5+ Kf8 30. Rxc5 Rf3+ 31. Kh4 Rd3 32. Rb5 b6 33. a4 Rdxe3 34. Rxe3 Rxe3 35. a5 bxa5 36. Rxa5 Rxb3 37.
Rxa7 Rc3 38. Ra5 Rxc4 39. Kg3 Kg7 40. Kf4 e3+ 41. Kf3 Kg6 42. Kxe3 Rxg4 43. Kf3 Rb4 44. Rc5 f6 45. Ra5 Rb1 46.
Kg3 Rf1 47. Rb5 Rf5 48. Rb4 Rc5 49. Ra4 Kf5 50. Rf4+ Ke5 51. Ra4 Rc3+ 52. Kf2 f5 53. Rb4 Kf6 54. Ra4 Kg5 55. Rb4 Rc2+ 56.
Kf3 Rc3+ 57. Ke4 1/2-1/2

[Event "Elitserien 2019/2020, round 7-9"]
[Site "Elite stadshotellet, Kungsgatan 6, Vaxjo, Sweden"]
[Date "2020.10.16"]
[Round "1.11"]
[White "Lundin, Jan"]
[Black "Lindberg, Bengt"]
[Result "1/2-1/2"]
[TimeControl "90 minutes for 40 moves + 30 minutes for the rest of the game + 30 seconds per move from move one."]
[WhiteTitle "FM"]
[BlackTitle "IM"]
[WhiteFideId "1706896"]
[BlackFideId "1700359"]
[WhiteElo "2350"]
[BlackElo "2401"]

1. e4 c5 2. Nc3 Nc6 3. f4 g6 4. Nf3 Bg7 5. Be2 e6 6. O-O Nge7 7. Qe1 d5 8. d3 O-O 9. Nd1 f5 10. Nf2 Bd7 11. c3 b5 12.
Be3 d4 13. cxd4 cxd4 14. Bd2 Qb6 15. Bd1 Rae8 16. Bb3 h6 17. Kh1 Kh8 18. g4 e5 19. gxf5 gxf5 20. Rg1 fxe4 21. Nxe4 Nf5
22. Rg6 Qd8 23. Rc1 Nce7 24. Ra6 exf4 25. Bxf4 Nc8 26. Qd2 Nb6 27. Rxa7 Nc4 28. Bxc4 bxc4 29. Rxc4 Ne3 30. Bxe3 dxe3 31. Qxe3 Bg4 32.
Ng1 Re6 33. Rc1 Bd4 34. Qg3 Bxa7 35. Qxg4 Ra6 36. Qh3 Rg8 37. Ne2 Rag6 38. Qf3 Qh4 39. N2g3 Bb8 40. Rg1 Qd8 41. Qe3 Be5 42.
Rf1 1/2-1/2

[Event "Elitserien 2019/2020, round 7-9"]
[Site "Elite stadshotellet, Kungsgatan 6, Vaxjo, Sweden"]
[Date "2020.10.16"]
[Round "1.12"]
[White "Alle Wahlin, Ambjorn"]
[Black "Hjelm, Niclas"]
[Result "1-0"]
[TimeControl "90 minutes for 40 moves + 30 minutes for the rest of the game + 30 seconds per move from move one."]
[BlackTitle "FM"]
[WhiteFideId "1714805"]
[BlackFideId "1700502"]
[WhiteElo "2257"]
[BlackElo "2306"]

1. c4 e5 2. Nc3 Bb4 3. Nd5 a5 4. a3 Be7 5. g3 Nf6 6. Nxe7 Qxe7 7. Bg2 O-O 8. d3 a4 9. e3 Rd8 10.
Nf3 Nc6 11. O-O d5 12. cxd5 Rxd5 13. d4 e4 14. Nd2 Bf5 15. b3 axb3 16. Qxb3 Na5 17. Qc2 Re8 18. Bb2 Qd7 19. Rfc1 c6 20.
Bc3 Bh3 21. Bh1 h5 22. Bxa5 Rxa5 23. Nxe4 Nxe4 24. Bxe4 h4 25. Bh1 hxg3 26. hxg3 Rh5 27. Qe2 Bg4 28. Bf3 f5 29. Rc5 Rh6 30.
Re5 Rxe5 31. dxe5 Qe6 32. Bxg4 fxg4 33. Qa2 Kf7 34. a4 b6 35. Qxe6+ Rxe6 36. a5 bxa5 37. Rxa5 Kg6 38. e4 Kh5 39.
Kf1 g5 40. Ke2 c5 41. Rxc5 Rc6 42. Rd5 Rc2+ 43. Ke3 Rc3+ 44. Rd3 Rc5 45. Kd4 Rc2 46. e6 Kg6 47. Ke5 Rxf2 48. Rd8 1-0

[Event "Elitserien 2019/2020, round 7-9"]
[Site "Elite stadshotellet, Kungsgatan 6, Vaxjo, Sweden"]
[Date "2020.10.16"]
[Round "1.13"]
[White "Wisdahl, Peter"]
[Black "Rydstrom, Tom"]
[Result "1/2-1/2"]
[TimeControl "90 minutes for 40 moves + 30 minutes for the rest of the game + 30 seconds per move from move one."]
[BlackTitle "FM"]
[WhiteFideId "1714023"]
[BlackFideId "1714830"]
[WhiteElo "2007"]
[BlackElo "2248"]

1. e4 e5 2. Nf3 Nc6 3. Bb5 a6 4. Ba4 Nf6 5. O-O b5 6. Bb3 Bc5 7. d3 d6 8. c3 O-O 9. a4 Rb8 10.
Qe2 Re8 11. Be3 h6 12. h3 Bb6 13. axb5 axb5 14. Nbd2 Ne7 15. d4 Ng6 16. Qxb5 Bd7 17. Qd3 Nh5 18. Ba4 Nhf4 19. Qc2 Bxh3 20.
Bxf4 Nxf4 21. g3 Bxf1 22. Kxf1 Ng6 23. Bxe8 Qxe8 24. Kg2 Qe6 25. Nf1 Re8 26. Re1 Qg4 27. N1h2 Qe6 28. b4 Ra8 29.
d5 Qd7 30. c4 Qa4 31. Qxa4 Rxa4 32. Rb1 Ra2 33. c5 dxc5 34. bxc5 Bxc5 35. Rb8+ Kh7 36. Ng4 f6 37. Rb7 Ra7 38.
Rb5 Bd6 39. Ne3 Ra4 40. Nd2 Rb4 41. Ra5 Rb7 42. Ndc4 Bb4 43. Ra8 Ne7 44. f4 exf4 45. gxf4 Bc5 46. e5 fxe5 47. fxe5 Ng6 48.
Kf3 Rb3 49. e6 h5 50. Rc8 Ne7 51. Rxc7 Bxe3 52. Ke4 Bg5 53. d6 Ng6 54. e7 Rb1 55. Kf5 Bxe7 56. dxe7 Re1 57. Kg5 h4 58.
Nd6 Rg1+ 59. Kf5 Rf1+ 60. Kg4 Nxe7 61. Rxe7 Kg6 62. Kxh4 Rh1+ 63. Kg3 Rg1+ 64. Kf2 Rh1 65. Ne8 Rh7 66.
Nxg7 Rxg7 67. Rxg7+ 1/2-1/2

[Event "Elitserien 2019/2020, round 7-9"]
[Site "Elite stadshotellet, Kungsgatan 6, Vaxjo, Sweden"]
[Date "2020.10.16"]
[Round "1.14"]
[White "Olofsson-Dolk, Mattis"]
[Black "Stavenberg, Karl"]
[Result "0-1"]
[TimeControl "90 minutes for 40 moves + 30 minutes for the rest of the game + 30 seconds per move from move one."]
[WhiteFideId "1715178"]
[BlackFideId "1753630"]
[WhiteElo "2218"]
[BlackElo "2043"]

1. e4 c5 2. Nf3 d6 3. d4 cxd4 4. Nxd4 Nf6 5. Nc3 a6 6. h3 e5 7. Nde2 h5 8. Bg5 Nbd7 9. Nd5 Be7 10.
Nxe7 Qxe7 11. Nc3 Nb6 12. Qf3 Be6 13. a4 Rc8 14. a5 Nbd7 15. Be2 Qd8 16. O-O Rc5 17. Rfd1 Rxa5 18. Rxa5 Qxa5 19.
Rxd6 Qb4 20. Qd3 O-O 21. Bxf6 Nxf6 22. b3 g6 23. Bf3 Kg7 24. Nd1 Rc8 25. c4 b5 26. cxb5 axb5 27. Rb6 Rc5 28.
Qd6 Nd7 29. Rb7 Qd4 30. Qxd4 exd4 31. Kf1 Ne5 32. b4 Rc1 33. Ke2 Nxf3 34. gxf3 Bb3 0-1

[Event "Elitserien 2019/2020, round 7-9"]
[Site "Elite stadshotellet, Kungsgatan 6, Vaxjo, Sweden"]
[Date "2020.10.16"]
[Round "1.15"]
[White "Lindeman, Sven"]
[Black "Lindahl, Emil"]
[Result "0-1"]
[TimeControl "90 minutes for 40 moves + 30 minutes for the rest of the game + 30 seconds per move from move one."]
[WhiteFideId "1700790"]
[BlackFideId "1713116"]
[WhiteElo "2157"]
[BlackElo "2179"]

1. e4 c5 2. Nf3 e6 3. d3 Nc6 4. g3 b6 5. Bg2 Bb7 6. O-O d6 7. Re1 Nf6 8. a3 Be7 9. c3 O-O 10.
d4 Qc7 11. e5 Nd7 12. Bf4 cxd4 13. cxd4 dxe5 14. dxe5 Nc5 15. Qc2 a5 16. Nbd2 Rfd8 17. Re3 h6 18. h4 Nd4 19. Nxd4 Rxd4 20.
Nf3 Rd7 21. Rc3 a4 22. Re1 Rad8 23. h5 Bd5 24. g4 Qb7 25. Rce3 Nb3 26. Rc3 b5 27. Ree3 b4 28. axb4 Bxb4 29. Rcd3 Rc8 30. Qe2 Nc1 31.
Qd1 Nxd3 32. Rxd3 Rcd8 33. Qxa4 Be7 34. Re3 Qxb2 35. Bf1 Bc5 36. g5 Bxe3 37. Bxe3 Bxf3 38. Qf4 Bxh5 39. gxh6 Qb1 40.
Kh2 Qxf1 41. hxg7 Rd1 0-1

[Event "Elitserien 2019/2020, round 7-9"]
[Site "Elite stadshotellet, Kungsgatan 6, Vaxjo, Sweden"]
[Date "2020.10.17"]
[Round "2.1"]
[White "Lundin, Jan"]
[Black "Gdanski, Jacek"]
[Result "0-1"]
[TimeControl "90 minutes for 40 moves + 30 minutes for the rest of the game + 30 seconds per move from move one."]
[WhiteTitle "FM"]
[BlackTitle "GM"]
[WhiteFideId "1706896"]
[BlackFideId "1100106"]
[WhiteElo "2350"]
[BlackElo "2482"]

1. e4 e6 2. d4 d5 3. Nc3 Bb4 4. a3 Bxc3+ 5. bxc3 dxe4 6. Qg4 Nf6 7. Qxg7 Rg8 8. Qh6 Nbd7 9. a4 c5 10. a5 Qc7 11. dxc5 Qxc5 12. Qe3 Nd5 13.
Qxc5 Nxc5 14. Ba3 b6 15. c4 Ne7 16. Ne2 Bb7 17. Bxc5 bxc5 18. a6 Bc6 19. Ra5 Rg5 20. h4 Re5 21. Rh3 Rd8 22. Rg3 Nf5 23. Rg8+ Ke7 24. Rxd8 Kxd8 25.
g3 Kc7 26. Nc1 Kb6 27. Nb3 f6 28. c3 h6 29. Ra2 Nd6 30. Be2 f5 31. Nd4 Bd7 32. Nc2 f4 33. gxf4 Rf5 34. Rb2+ Kc7 35. Ne3 Rxf4 36. h5 Bc8 37. Bg4 Nxc4 38. Nxc4 Rxg4 39. Rb5 Rg5 40. Ra5 Rxh5 41. Ke2 Kc6 42. Ra1 Rh3 43. Kd2 h5 44. Na5+ Kc7 45. Nb3 Kb6 46. Re1 e3+ 47. fxe3 Bxa6 48.
e4 h4 49. Rg1 Rg3 50. Rxg3 hxg3 51. Ke3 g2 52. Kf2 Bf1 53. Nd2 Kb5 54. Nf3 a5 0-1

[Event "Elitserien 2019/2020, round 7-9"]
[Site "Elite stadshotellet, Kungsgatan 6, Vaxjo, Sweden"]
[Date "2020.10.17"]
[Round "2.2"]
[White "Heberla, Bartlomiej"]
[Black "Livner, Anders"]
[Result "1/2-1/2"]
[TimeControl "90 minutes for 40 moves + 30 minutes for the rest of the game + 30 seconds per move from move one."]
[WhiteTitle "GM"]
[BlackTitle "FM"]
[WhiteFideId "1115120"]
[BlackFideId "1704150"]
[WhiteElo "2564"]
[BlackElo "2371"]

1. Nf3 d5 2. c4 d4 3. g3 Nc6 4. Bg2 e5 5. d3 Nf6 6. O-O a5 7. e3 Bc5 8. exd4 Bxd4 9. Nxd4 Nxd4 10.
Re1 O-O 11. h3 Re8 12. Nc3 Ra6 13. b3 Bd7 14. Ne2 Bc6 15. Nxd4 Qxd4 16. Rb1 Bxg2 17. Kxg2 Qd7 18. Qf3 c5 19.
Bb2 Rae6 20. Re3 b6 21. Rbe1 Qd6 22. Kg1 Nd7 23. h4 Nb8 24. Qd5 f6 25. f4 Nd7 26. Qf3 exf4 27. gxf4 Rxe3 28.
Rxe3 Rxe3 29. Qxe3 Kf7 30. Kf2 Qe6 31. Qf3 g6 32. h5 Qf5 33. hxg6+ hxg6 34. Ke3 Qe6+ 35. Kd2 Qf5 36. Kc2 g5 37.
Qh5+ Qg6 38. Qg4 f5 39. Qxg5 Qxg5 40. fxg5 Kg6 41. Bc1 Nf8 42. Bf4 Ne6 43. Bb8 Kxg5 44. Ba7 Kf4 45. Bxb6 Ke3 46.
Bxa5 Nd4+ 47. Kd1 Kxd3 48. Bb6 Kc3 49. Bxc5 Nxb3 50. Bb4+ Kxc4 51. axb3+ 1/2-1/2

[Event "Elitserien 2019/2020, round 7-9"]
[Site "Elite stadshotellet, Kungsgatan 6, Vaxjo, Sweden"]
[Date "2020.10.17"]
[Round "2.3"]
[White "Ong, Kezli"]
[Black "Ornstein, Axel"]
[Result "1-0"]
[TimeControl "90 minutes for 40 moves + 30 minutes for the rest of the game + 30 seconds per move from move one."]
[BlackTitle "IM"]
[WhiteFideId "1706500"]
[BlackFideId "1700111"]
[WhiteElo "2281"]
[BlackElo "2284"]

1. e4 e5 2. Nf3 Nc6 3. Bc4 Bc5 4. d3 Nf6 5. O-O O-O 6. c3 d6 7. Bg5 h6 8. Bh4 a6 9. b4 Ba7 10.
Nbd2 Bg4 11. h3 Bh5 12. g4 Bg6 13. Bb3 Nb8 14. Nc4 Nbd7 15. Ne3 Qe8 16. Nf5 Bxf5 17. gxf5 Kh7 18. Kh1 g5 19.
Bxg5 hxg5 20. Nxg5+ Kh8 21. Qf3 d5 22. Bxd5 Nxd5 23. Qh5+ Kg7 24. Ne6+ Qxe6 25. Rg1+ Qg6 26. Rxg6+ fxg6 27.
Qxg6+ Kh8 28. Qh6+ Kg8 29. Rg1+ Kf7 30. Qe6# 1-0

[Event "Elitserien 2019/2020, round 7-9"]
[Site "Elite stadshotellet, Kungsgatan 6, Vaxjo, Sweden"]
[Date "2020.10.17"]
[Round "2.4"]
[White "Gajic, Mladen"]
[Black "Stavenberg, Karl"]
[Result "1-0"]
[TimeControl "90 minutes for 40 moves + 30 minutes for the rest of the game + 30 seconds per move from move one."]
[WhiteTitle "FM"]
[WhiteFideId "1709178"]
[BlackFideId "1753630"]
[WhiteElo "2295"]
[BlackElo "2043"]

1. e4 c5 2. c3 Nf6 3. e5 Nd5 4. Nf3 Nc6 5. Bc4 e6 6. O-O Nb6 7. Bb3 c4 8. Bc2 d6 9. exd6 Bxd6 10.
b3 cxb3 11. axb3 O-O 12. d4 g6 13. Nbd2 Be7 14. Ne4 Nd5 15. Bh6 Re8 16. Qd2 Nf6 17. Rfe1 Nxe4 18. Rxe4 Bf6 19. Rae1 Bd7 20.
h4 Ne7 21. Bg5 Bxg5 22. Nxg5 Nf5 23. c4 Qf6 24. Qf4 Kg7 25. Nf3 Bc6 26. d5 exd5 27. cxd5 Rxe4 28. Bxe4 Bd7 29. Qc7 Qd6 30.
Qxb7 Rb8 31. Qxa7 Rxb3 32. Bxf5 Bxf5 33. Qd4+ Qf6 34. Ne5 Rd3 35. Qc4 Rd2 36. Nf3 Rc2 37. Qb4 Rb2 38. Qf4 Rb1 39.
Rxb1 Bxb1 40. Qb4 Bf5 41. Kh2 h5 42. Qf4 Bg4 43. Kg3 Qxf4+ 44. Kxf4 f6 45. Nd2 Kf7 46. f3 Bc8 47. Ne4 Ke7 48.
Ke3 f5 49. Nc5 1-0

[Event "Elitserien 2019/2020, round 7-9"]
[Site "Elite stadshotellet, Kungsgatan 6, Vaxjo, Sweden"]
[Date "2020.10.17"]
[Round "2.5"]
[White "Hjelm, Niclas"]
[Black "Malesevic, Nedeljko"]
[Result "0-1"]
[TimeControl "90 minutes for 40 moves + 30 minutes for the rest of the game + 30 seconds per move from move one."]
[WhiteTitle "FM"]
[BlackTitle "FM"]
[WhiteFideId "1700502"]
[BlackFideId "1703447"]
[WhiteElo "2306"]
[BlackElo "2257"]

1. d4 d5 2. c4 e6 3. Nc3 Nf6 4. Nf3 Be7 5. Bf4 O-O 6. e3 c6 7. Rc1 Nbd7 8. Bd3 Nh5 9. O-O Nxf4 10.
exf4 dxc4 11. Bxc4 Nf6 12. Ne5 Qb6 13. Rc2 Nd5 14. f5 Bf6 15. fxe6 Bxe6 16. Ne4 Be7 17. a3 Rad8 18. Rd2 Nf4 19.
Qf3 Bxc4 20. Nxc4 Qc7 21. Ne3 g6 22. Rfd1 Nd5 23. Nxd5 Rxd5 24. Nc3 Rf5 25. Qg3 Bd6 26. Qg4 Bxh2+ 27. Kf1 Bf4 28. Re2 h5 29. Qh3 Rd8 30. Ne4 Qb6 31. Qc3 Be5 32. Red2 Bg7 33. b4 Qc7 34. Kg1 Qf4 35. Ng3 Rfd5 36.
Ne2 Qg4 37. Qe3 Kh7 38. Qe7 R5d7 39. Qc5 Bh6 40. Rc2 h4 41. Rd3 Qe4 42. Rf3 f5 43. Rfc3 a6 44. Qb6 Bg7 45. Rd2 Bh6 46.
Rdc2 g5 47. Rb2 g4 48. a4 g3 49. Rf3 Rxd4 50. fxg3 Rd1+ 51. Kh2 hxg3+ 52. Rxg3 R8d7 53. b5 axb5 54. axb5 Rg7 55. Rbb3 Qxe2 56.
Rxg7+ Bxg7 57. Qxb7 Qe5+ 58. Rg3 Rd6 0-1

[Event "Elitserien 2019/2020, round 7-9"]
[Site "Elite stadshotellet, Kungsgatan 6, Vaxjo, Sweden"]
[Date "2020.10.17"]
[Round "2.6"]
[White "Vernersson, Per"]
[Black "Lindeman, Sven"]
[Result "1/2-1/2"]
[TimeControl "90 minutes for 40 moves + 30 minutes for the rest of the game + 30 seconds per move from move one."]
[WhiteFideId "1700863"]
[BlackFideId "1700790"]
[WhiteElo "2264"]
[BlackElo "2157"]

1. Nf3 Nf6 2. c4 c5 3. Nc3 d5 4. cxd5 Nxd5 5. d3 Nc6 6. e3 g6 7. a3 Bg7 8. Bd2 O-O 9. Be2 b6 10.
O-O Bb7 11. Rb1 Qd7 12. Nxd5 Qxd5 13. b4 cxb4 14. axb4 Ne5 15. Qb3 Qxb3 16. Rxb3 Nxf3+ 17. Bxf3 Bxf3 18. gxf3 b5 19. Rc1 Rfc8 20.
Kf1 Rxc1+ 21. Bxc1 Rc8 1/2-1/2

[Event "Elitserien 2019/2020, round 7-9"]
[Site "Elite stadshotellet, Kungsgatan 6, Vaxjo, Sweden"]
[Date "2020.10.17"]
[Round "2.7"]
[White "Wisdahl, Peter"]
[Black "Thornert, Hakan"]
[Result "1-0"]
[TimeControl "90 minutes for 40 moves + 30 minutes for the rest of the game + 30 seconds per move from move one."]
[WhiteFideId "1714023"]
[BlackFideId "1703749"]
[WhiteElo "2007"]
[BlackElo "2175"]

1. e4 c5 2. c3 Nf6 3. e5 Nd5 4. d4 cxd4 5. cxd4 d6 6. Bc4 Nb6 7. Bb5+ Bd7 8. e6 fxe6 9. Bd3 Bc6 10.
Qg4 Qd7 11. Nf3 Bxf3 12. Qxf3 Nc6 13. Qh5+ Kd8 14. Be3 Qe8 15. Qb5 g6 16. a4 Qd7 17. Nc3 Bg7 18. a5 Nc8 19. Qa4 e5 20.
d5 Nd4 21. Nb5 a6 22. Bxd4 exd4 23. Nxd4 Bxd4 24. Qxd4 e5 25. dxe6 Qxe6+ 26. Kd2 Qe5 27. Qb4 Kc7 28. f4 Qf6 29.
Rac1+ Kb8 30. Rc6 Ka7 31. Rhc1 bxc6 32. Rxc6 1-0

[Event "Elitserien 2019/2020, round 7-9"]
[Site "Elite stadshotellet, Kungsgatan 6, Vaxjo, Sweden"]
[Date "2020.10.17"]
[Round "2.9"]
[White "Brynell, Stellan"]
[Black "Miezis, Normunds"]
[Result "1/2-1/2"]
[TimeControl "90 minutes for 40 moves + 30 minutes for the rest of the game + 30 seconds per move from move one."]
[WhiteTitle "GM"]
[BlackTitle "GM"]
[WhiteFideId "1700219"]
[BlackFideId "11600136"]
[WhiteElo "2409"]
[BlackElo "2484"]

1. d4 Nf6 2. Nf3 e6 3. g3 b5 4. Bg2 Bb7 5. O-O c5 6. Bg5 Na6 7. e4 Bxe4 8. Nc3 Bb7 9. d5 Be7 10.
d6 Bf8 11. Nxb5 h6 12. Be3 Qc8 13. b4 cxb4 14. a3 Qc6 15. Qd3 Rc8 16. Ne1 Nd5 17. Nxa7 Qc3 18. Bxd5 Bxd5 19. Nxc8 Qxc8 20.
axb4 Nxb4 21. Qd4 Nc6 22. Qc5 Qb8 23. Qb6 Bxd6 24. Qxb8+ Bxb8 25. Nd3 O-O 26. Rfb1 Ne5 27. Nxe5 Bxe5 28.
Ra7 Rc8 29. Rxd7 1/2-1/2

[Event "Elitserien 2019/2020, round 7-9"]
[Site "Elite stadshotellet, Kungsgatan 6, Vaxjo, Sweden"]
[Date "2020.10.17"]
[Round "2.10"]
[White "Sjodahl, Pontus"]
[Black "Lindgren, Philip"]
[Result "1/2-1/2"]
[TimeControl "90 minutes for 40 moves + 30 minutes for the rest of the game + 30 seconds per move from move one."]
[WhiteTitle "IM"]
[BlackTitle "IM"]
[WhiteFideId "1700537"]
[BlackFideId "1713230"]
[WhiteElo "2430"]
[BlackElo "2356"]

1. d4 Nf6 2. c4 e6 3. Nf3 d5 4. Bg5 h6 5. Bxf6 Qxf6 6. Nc3 c6 7. e3 Nd7 8. Bd3 dxc4 9. Bxc4 Bd6 10.
O-O O-O 11. Ne4 Qe7 12. Nxd6 Qxd6 13. Rc1 Qe7 14. Rc3 Rd8 15. Qe2 e5 16. dxe5 Nxe5 17. Nxe5 Qxe5 18. Rd1 Bf5 19. Rcc1 Be4 20.
a3 Qg5 21. f3 Bg6 22. Qf2 Re8 23. e4 Qf4 24. Qg3 Qxg3 25. hxg3 Rad8 26. Kf2 Kf8 27. g4 f6 28. Ke3 Ke7 29.
f4 Rxd1 30. Rxd1 Rd8 31. Rxd8 Kxd8 32. b4 Ke7 33. Kd4 Be8 34. Be2 Bd7 35. Bd1 Be6 36. Be2 Bb3 37. Bf3 Bf7 38. Bd1 Kd6 39.
Be2 Bb3 40. Bf3 Ba2 41. Be2 Be6 42. Bd1 Bd7 43. Be2 Be6 44. Bd1 Bd7 45. Be2 Kd5+ 1/2-1/2

[Event "Elitserien 2019/2020, round 7-9"]
[Site "Elite stadshotellet, Kungsgatan 6, Vaxjo, Sweden"]
[Date "2020.10.17"]
[Round "2.11"]
[White "Penalver, Osmani"]
[Black "Pantzar, Milton"]
[Result "1-0"]
[TimeControl "90 minutes for 40 moves + 30 minutes for the rest of the game + 30 seconds per move from move one."]
[BlackTitle "IM"]
[WhiteFideId "1704516"]
[BlackFideId "1721003"]
[WhiteElo "2250"]
[BlackElo "2406"]

1. d4 d5 2. c4 e6 3. Nc3 c5 4. cxd5 exd5 5. Nf3 Nf6 6. g3 Nc6 7. Bg2 cxd4 8. Nxd4 Bc5 9. Nxc6 bxc6 10.
O-O O-O 11. Qc2 Bb6 12. Na4 Ba6 13. Nxb6 Qxb6 14. Rd1 Rfe8 15. Bf3 Re6 16. Be3 Qb7 17. Bd4 Rae8 18. e3 Ne4 19. Rac1 Qe7 20.
Bxe4 dxe4 21. Qc5 Qb7 22. Qxa7 Qc8 23. Bb6 Bd3 24. Qc7 Qa6 25. Bd4 Be2 26. Rd2 Bf3 27. Qa7 Qc8 28. Rdc2 R6e7 29.
Qxe7 Rxe7 30. Rxc6 Qd7 31. Rd6 Qe8 32. Bb6 Rd7 33. Rdc6 Rd8 34. Bxd8 Qd7 35. Bb6 h5 36. Kf1 Qh3+ 37.
Ke1 Qxh2 38. a4 Qg1+ 39. Kd2 Qxf2+ 40. Kc3 Qxg3 41. a5 Qe5+ 42. Kb3 Qb5+ 43. Ka3 h4 44. R1c5 Qd3+ 45. Rc3 Qd1 46.
Rc1 Qd7 47. Bd4 Qe7+ 48. b4 Be2 49. a6 Bxa6 50. Rxa6 h3 51. Rg1 f6 52. Ra8+ Kh7 53. Ra7 h2 54. Rh1 Qd6 55. Kb3 Kg8 56.
b5 Qd5+ 57. Kb4 Qd6+ 58. Kc3 g5 59. b6 Qc6+ 60. Kd2 Qb5 61. b7 Qd3+ 62. Ke1 Qb1+ 63. Kf2 Qc2+ 64. Kg3 Qc7+ 65. Kh3 g4+ 66.
Kxg4 f5+ 67. Kxf5 Qf7+ 68. Kxe4 Qe6+ 69. Kf4 Qf7+ 70. Kg3 Qc7+ 71. Kh3 Qh7+ 72. Kg3 Qc7+ 73. Kf3 Qf7+ 74. Kg2 Qg6+ 75.
Kxh2 Qh5+ 76. Kg3 Qg6+ 77. Kf4 Qf7+ 78. Kg5 Qd5+ 79. Kf6 Qd6+ 80. Kf5 Qd7+ 81. Ke4 Qc6+ 82. Kd3 Qb5+ 83. Kc3 Qc6+ 84.
Kb4 Qd6+ 85. Kb3 Qd5+ 86. Ka3 Qd6+ 87. Kb2 Qb4+ 88. Ka1 1-0

[Event "Elitserien 2019/2020, round 7-9"]
[Site "Elite stadshotellet, Kungsgatan 6, Vaxjo, Sweden"]
[Date "2020.10.17"]
[Round "2.12"]
[White "Akesson, Ralf"]
[Black "Jepson, Christian"]
[Result "1/2-1/2"]
[TimeControl "90 minutes for 40 moves + 30 minutes for the rest of the game + 30 seconds per move from move one."]
[WhiteTitle "GM"]
[BlackTitle "IM"]
[WhiteFideId "1700120"]
[BlackFideId "1701185"]
[WhiteElo "2379"]
[BlackElo "2384"]

1. Nf3 d6 2. d4 Nf6 3. c4 g6 4. Nc3 Bf5 5. Qb3 b6 6. g3 Bg7 7. Bg2 Nc6 8. O-O O-O 9. Qd1 Ne4 10.
Nxe4 Bxe4 11. Be3 Nb4 12. Ne1 Bxg2 13. Kxg2 c5 14. Nf3 Rc8 15. b3 d5 16. a3 Nc6 17. dxc5 d4 18. Bd2 bxc5 19.
b4 e5 20. Ng5 Qe7 21. b5 Nd8 22. e4 Qb7 23. f3 f6 24. Nh3 Nf7 25. Nf2 Nd6 26. Qc2 f5 27. Qd3 Rf7 28. a4 a6 29.
g4 Ra8 30. gxf5 gxf5 1/2-1/2

[Event "Elitserien 2019/2020, round 7-9"]
[Site "Elite stadshotellet, Kungsgatan 6, Vaxjo, Sweden"]
[Date "2020.10.17"]
[Round "2.13"]
[White "Nylen, Anders"]
[Black "Norberg, Johan"]
[Result "1/2-1/2"]
[TimeControl "90 minutes for 40 moves + 30 minutes for the rest of the game + 30 seconds per move from move one."]
[BlackTitle "CM"]
[WhiteFideId "1701207"]
[BlackFideId "1707965"]
[WhiteElo "2188"]
[BlackElo "2304"]

1. d4 d6 2. e4 Nf6 3. f3 c5 4. d5 g6 5. c4 Bg7 6. Nc3 O-O 7. Bg5 a6 8. a4 e6 9. Qd2 exd5 10.
cxd5 Re8 11. Nge2 Nbd7 12. Ng3 Rb8 13. Be2 Qc7 14. O-O c4 15. Rfc1 b5 16. axb5 axb5 17. b4 cxb3 18. Nxb5 Qd8 19.
Rc6 Ne5 20. Rxd6 Qe7 21. Rb1 Bd7 22. Rxd7 Qxd7 23. Rxb3 Rec8 24. Nd4 Rxb3 25. Nxb3 Qa4 26. Nd4 Nfd7 27. Be3 Qa1+ 28. Nf1 Qb1 29.
Qd1 Qxd1 30. Bxd1 Rc3 31. Ne2 Ra3 32. Neg3 Nc4 33. Bf2 Nde5 34. Be2 Nd3 35. Bxd3 Rxd3 36. Bc5 Bf8 37. Bxf8 Kxf8 38. Kf2 Ke7 39. Ne2 Kd6 40. Nfg3 Rd2 41. h4 h5 42. Nf1 Ra2 43. Nfg3 Kc5 44.
Nf1 Nd6 45. Ne3 Nb5 46. Nf1 Kc4 47. Ke3 Ra3+ 48. Kf4 f6 49. e5 Kxd5 50. exf6 Ke6 1/2-1/2